 Dungeon Crawl Stone Soup version 0.21-a0-471-gd587bd5 (webtiles) character file.

4 sagitran the Ogre Mage (level 1, 0/16 HPs)
             Began as an Ogre Wizard on Nov 21, 2017.
             Slain by a rat (2 damage)
             ... on level 1 of the Dungeon.
             The game lasted 00:01:15 (231 turns).

sagitran the Ogre Mage (Ogre Wizard)                 Turns: 231, Time: 00:01:16

Health: 0/16       AC:  3    Str: 10    XL:     1   Next: 70%
Magic:  0/5        EV: 10    Int: 19    God:
Gold:   7          SH:  0    Dex:  7    Spells: 6/7 levels left

rFire    . . .     SeeInvis .   (no weapon)
rCold    . . .     Gourm    .   (no shield)
rNeg     . . .     Faith    .   a - +0 robe
rPois    .         Spirit   .   b - +0 hat
rElec    .         Reflect  .   (no cloak)
rCorr    .         Harm     .   (gloves unavailable)
MR       .....                  (boots unavailable)
Stlth    +.........             (no amulet)
HPRegen  0.05/turn              (no ring)
MPRegen  0.09/turn              (no ring)

@: very slightly contaminated
A: unfitting armour, tough skin 1
a: no special abilities


You were on level 1 of the Dungeon.
You were not hungry.

You visited 1 branch of the dungeon, and saw 1 of its levels.

You collected 7 gold pieces.

Inventory:

Armour
 a - a +0 robe (worn)
 b - a +0 hat (worn)
Books
 c - a book of Minor Magic

   Spells                             Type                      Level
   a - Magic Dart                     Conjuration                  1
   b - Blink                          Translocation                2
   c - Call Imp                       Summoning                    2
   d - Slow                           Hexes                        2
   e - Conjure Flame                  Conjuration/Fire             3
   f - Mephitic Cloud                 Conjuration/Poison/Air       3
Comestibles
 d - a bread ration
 f - a meat ration


   Skills:
 + Level 2.0 Dodging
 + Level 1.4 Stealth
 + Level 3.8 Spellcasting
 + Level 0.8 Conjurations
   Level 0.8 Summonings
   Level 0.8 Translocations


You had 6 spell levels left.
You knew the following spells:

 Your Spells              Type           Power        Failure   Level  Hunger
a - Magic Dart            Conj           #...         10%         1    None


Dungeon Overview and Level Annotations

Branches:
Dungeon (1/15)

Altars:


Innate Abilities, Weirdness & Mutations

You are too large for most types of armour.
You have tough skin. (AC +1)


Message History

The jackal is severely wounded.
The jackal barely misses you. The rat bites you but does no damage.
The jackal barely misses you.
You hit the jackal.
You kill the jackal!
Your Dodging skill increases to level 2!
The rat closely misses you. The jackal closely misses you.
You miss the jackal.
The jackal is heavily wounded.
The rat bites you but does no damage.
You hit the rat.
The rat is severely wounded.
The jackal misses you. The jackal bites you.
* * * LOW HITPOINT WARNING * * *
The rat bites you.
* * * LOW HITPOINT WARNING * * *
You closely miss the rat.
The rat is severely wounded.
The jackal barely misses you. The jackal closely misses you. The rat bites you.
You die...

.# #.....# .# ###
#.###.###.#. ##+ .# #.#
#.# #...#.. ####...
.###.###.# #####..
....... .........# ...
r...... .###.###.#
#####.# ....... .# #.#
#.# #...#.##..... .# ###
#.###.###r#h..# .# ...
#.....#.h@#r#
.###.###.###.###h#h#
...#.#...#†#..<#r#.###...
.###.#####.#####.......#
..................######
..................#
###################


You could see 2 jackals and 2 rats.

Vanquished Creatures
  2 bats (D:1)
  2 jackals (D:1)
4 creatures vanquished.

Notes
Turn   | Place    | Note
-------+----------+-------------------------------------------
     0 | D:1      | sagitran the Ogre Wizard began the quest for the Orb.
     0 | D:1      | Reached XP level 1. HP: 16/16 MP: 5/5
   231 | D:1      | Slain by a rat

Vault maps used:
D:1:      evilmike_arrival_hilbert_curve

Skill      XL: |  1 |
---------------+----+-----
Dodging        | 2 |  2.0
Stealth        | |  1.4
Spellcasting   | |  3.8
Conjurations   | |  0.8
Summonings     | |  0.8
Translocations | |  0.8

Action                   || total
-------------------------++-------
Melee: Unarmed           ||    29
 Cast: Magic Dart        ||     5
Armor: Robe              ||    19
Dodge: Dodged            ||    33

Table legend:
 A = Spawn XP
 B = Non-spawn XP
 C = Spawn XP percentage of total XP
 D = Spawn monster count
 E = Non-spawn monster count
 F = Spawn count percentage of total count
 G = Total turns spent on level
                    A         B        C        D         E        F      G
               +---------+---------+-------+---------+---------+-------+---------
         Total |       0 |       7 |   0.0 |       0 |       4 |   0.0 |   231
               +---------+---------+-------+---------+---------+-------+---------
           D:1 |       0 |       7 |   0.0 |       0 |       4 |   0.0 |   231
               +---------+---------+-------+---------+---------+-------+---------
